 Dungeon Sprint DCSS version 0.21.1-1-g345015f (webtiles) character file.

675 prawnwizard the Cleaver (level 7, 0/71 HPs)
             Began as a Minotaur Berserker on July 3, 2018.
             Was an Elder of Trog.
             Slain by a human (14 damage)
             ... in the Dungeon (Sprint III: "The Ten Rune Challenge").
             The game lasted 00:00:56 (377 turns).

prawnwizard the Cleaver (Minotaur Berserker)         Turns: 377, Time: 00:00:56

Health: 0/71       AC:  2    Str: 23    XL:     7   Next: 33%
Magic:  6/6        EV: 15    Int:  4    God:    Trog [****..]
Gold:   23         SH:  0    Dex: 10    Spells: 6/6 levels left

rFire    . . .     SeeInvis .   a - +0 hand axe
rCold    . . .     Gourm    .   (no shield)
rNeg     . . .     Faith    .   b - +0 animal skin
rPois    .         Spirit   .   (helmet restricted)
rElec    .         Reflect  .   (no cloak)
rCorr    .         Harm     .   (no gloves)
MR       .....     NoTele   +   (no boots)
Stlth    +.........             (no amulet)
HPRegen  0.21/turn              (no ring)
MPRegen  0.10/turn              (no ring)

@: no status effects
A: retaliatory headbutt, horns 2
a: Berserk, Trog's Hand, Brothers in Arms, Burn Spellbooks, Renounce Religion


You were in the Dungeon.
You worshipped Trog.
Trog was greatly pleased with you.
You were not hungry.

You visited 1 branch You collected 23 gold pieces.

Inventory:

Hand Weapons
 a - a +0 hand axe (weapon)
Armour
 b - a +0 animal skin (worn)
Scrolls
 i - a scroll of blinking
 j - a scroll of amnesia {unknown}
 l - 2 scrolls of immolation {unknown}
 m - 2 scrolls of identify {unknown}
 n - 3 scrolls of remove curse
Potions
 d - 2 potions of curing
 e - 3 potions of heal wounds
 f - a potion of haste
 g - 2 potions of magic
 h - a potion of berserk rage
 k - 3 potions of mutation {unknown}
 o - 4 potions of flight
Comestibles
 c - 3 rations


   Skills:
 + Level 9.9 Fighting
 * Level 12.3 Axes
 + Level 8.7 Armour
 + Level 7.9 Dodging


You had 6 spell levels left.
You didn't know any spells.

Dungeon Overview and Level Annotations

Branches:
Dungeon (1/1)

Altars:
Elyvilon
Okawaru
Trog
Uskayaw
Wu Jian
Zin
The Shining One
Beogh


Innate Abilities, Weirdness & Mutations

You reflexively headbutt those who attack you in melee.
You have a pair of horns on your head.


Message History

The human hits you.
* * * LOW HITPOINT WARNING * * *
You slash the human!
The human is moderately wounded.
The human misses you. You furiously retaliate!
You headbutt the human! You closely miss the human.
Your headbutt misses the human.
The human is heavily wounded.
The human hits you.
* * * LOW HITPOINT WARNING * * *
You hit the human.
The human is severely wounded.
The human closely misses you.
You barely miss the human.
The human is severely wounded.
The human closely misses you. You furiously retaliate!
You headbutt the human, but do no damage.
You completely miss the human.
The human is severely wounded.
The human hits you!
You die...

▓▓▓▓▓▓ ▓▓▓ .....♣♣
♣.######### ......♣
♣.#___#___ ....♣.♣
♣.#)..#__ ....≈.♣♣
♣.###'#p###+##
...≈≈♣.♣♣♣.#....@.....#
..≈≈≈≈.....'.⌠........#
..≈≈≈≈≈≈...#...######+#
.≈≈≈≈≈≈....#.⌠.#
.≈≈≈≈≈.....#...#
.≈≈≈.......#+###
...........#
...........#
▓▓▓▓▓▓▓▓▓▓▓▓


You could see a human (berserk).

Vanquished Creatures
  A deep elf mage (D)
  A water elemental (D)
  Jessica (D)
  2 humans (D)
  An ooze (D)
  A phantom (D)
  2 rats (D)
9 creatures vanquished.

Vanquished Creatures (others)
  2 draconian scorchers (D)
  6 hellions (D)
  A yaktaur (D)
9 creatures vanquished.

Grand Total: 18 creatures vanquished

Notes
Turn   | Place    | Note
-------+----------+-------------------------------------------
     0 | D        | prawnwizard the Minotaur Berserker began the quest for the Orb.
     0 | D        | Reached XP level 1. HP: 19/19 MP: 0/0
     6 | D        | Reached skill level 4 in Axes
    10 | D        | Noticed Jessica
    12 | D        | Reached ** piety under Trog
    14 | D        | Killed Jessica
    14 | D        | Reached skill level 5 in Fighting
    14 | D        | Reached skill level 5 in Axes
    14 | D        | Reached XP level 2. HP: 30/30 MP: 1/1
    14 | D        | Reached XP level 3. HP: 37/37 MP: 2/2
    39 | D        | Reached skill level 6 in Axes
    47 | D        | Killed a yaktaur
    48 | D        | Reached *** piety under Trog
    53 | D        | Noticed a water elemental
    58 | D        | Killed a water elemental
    58 | D        | Reached skill level 7 in Axes
    58 | D        | Reached skill level 5 in Armour
    58 | D        | Reached XP level 4. HP: 12/45 MP: 3/3
    84 | D        | Killed a hellion
    84 | D        | Killed a hellion
    91 | D        | Killed a hellion
    91 | D        | Killed a hellion
    99 | D        | Killed a hellion
   137 | D        | Killed a hellion
   188 | D        | Killed a white draconian scorcher
   293 | D        | Killed a white draconian scorcher
   330 | D        | Found a glowing silver altar of Zin.
   331 | D        | Found a glowing golden altar of the Shining One.
   331 | D        | Found a white marble altar of Elyvilon.
   331 | D        | Noticed a deep elf mage
   345 | D        | Killed a deep elf mage
   345 | D        | Reached skill level 11 in Axes
   345 | D        | Reached XP level 5. HP: 40/57 MP: 4/4
   345 | D        | Reached XP level 6. HP: 45/64 MP: 5/5
   345 | D        | Reached XP level 7. HP: 49/70 MP: 6/6
   358 | D        | Found a hide-covered altar of Uskayaw.
   358 | D        | Found a roughly hewn altar of Beogh.
   358 | D        | Found an iron altar of Okawaru.
   358 | D        | Found a bloodstained altar of Trog.
   358 | D        | Found an ornate altar of the Wu Jian Council.
   358 | D        | Noticed a human
   360 | D        | Noticed a human
   368 | D        | Killed a human
   368 | D        | Reached **** piety under Trog
   368 | D        | Reached skill level 12 in Axes
   377 | D        | Slain by a human

Skill      XL: |  1  2  3  4  5  6  7 |
---------------+----------------------+-----
Fighting       | 5 6 9 |  9.9
Axes           | 5 7 11 12 | 12.3
Armour         | 3 5 8 |  8.7
Dodging        | 3 4 7 |  7.9

Action                   |  1- 3 |  4- 6 |  7- 9 || total
-------------------------+-------+-------+-------++-------
Melee: Hand axe          |    15 |    13 |    17 ||    45
       Headbutt          |     4 |     2 |     3 ||     9
Invok: Berserk           |     1 |       |       ||     1
Armor: Animal skin       |     2 |     1 |       ||     3
Dodge: Dodged            |     7 |     6 |     9 ||    22
